AoeStats
← O grande

Arabia

507480928Analyzed
1v1 RM · 13d ago on Sep 18, 2026· 45m 30s· 2 players
Game mode
Random Map
Map size
Tiny (2 player)
Population
200
Speed
Normal
Resources
Standard
Victory
Conquest
Starting age
Dark Age
Ending age
Imperial Age
RankedLock teamsTeams togetherTeam positionsShared explorationLock speedFull tech treeHidden civsTurbo modeCheats
Victory
Defeat
🇦🇷 Mapuche · Argentina
1989
+19
🇧🇷 Spanish · Brazil
2055
-19
[AirBo]空氣包
6:11 Loom
9:18 Feudal Age
9:49 Double-Bit Axe
18:11 Castle Age
16:56 Horse Collar
17:08 Gold Mining
17:18 Fletching
18:55 Bodkin Arrow
18:50 Town Watch
20:53 Ballistics
21:06 Padded Archer Armor
32:11 Leather Archer Armor
38:11 Imperial Age
36:39 Wheelbarrow
38:29 Elite Bolas Rider
41:21 Malon
44:06 Bow Saw
43:55 Elite Skirmisher
O grande
4:47 Loom
10:58 Feudal Age
15:19 Castle Age
13:59 Stone Mining
14:16 Double-Bit Axe
16:43 Bow Saw
21:17 Horse Collar
24:52 Padded Archer Armor
29:17 Leather Archer Armor
29:32 Husbandry
29:44 Bloodlines
35:55 Husbandry
39:06 Fletching
42:43 Imperial Age
40:19 Elite Skirmisher
41:13 Bodkin Arrow
43:58 Ring Archer Armor
43:28 Bracer
43:59 Ballistics
44:47 Conscription
45:51 Chemistry
Connection lost

Rejoining the realm…

Still unreachable

The connection could not be restored.

Session expired

The server has moved on; the page needs a fresh start.